 Dungeon Crawl Stone Soup version 0.26-a0-712-ga5a9c9c9d0 (webtiles) character file.

Game seed: 8279157064522158880

598 kae the Changer (level 7, 0/58 HPs)
             Began as a Naga Transmuter on Nov 5, 2020.
             Slain by a water moccasin (7 damage)
             ... on level 4 of the Dungeon.
             The game lasted 00:04:11 (6205 turns).

kae the Changer (Naga Transmuter)                   Turns: 6205, Time: 00:04:11

Health: 0/58       AC:  2    Str: 14    XL:     7   Next: 40%
Magic:  10/12      EV: 19    Int: 14    God:
Gold:   225        SH:  0    Dex: 18    Spells: 3/12 levels left

rFire    . . .     SeeInvis +     - Unarmed
rCold    . . .     Faith    .   (shield currently unavailable)
rNeg     . . .     Spirit   .   (armour currently unavailable)
rPois    x         Reflect  .   (helmet currently unavailable)
rElec    .         Harm     .   (cloak currently unavailable)
rCorr    .         Rampage  .   (gloves currently unavailable)
MR       .....                  (no barding)
Stlth    ++........             (no amulet)
HPRegen  0.19/turn              (no ring)
MPRegen  0.13/turn              (no ring)

@: lethally poisoned (0 -> -25), spider-form
A: tiny, rugged brown scales 1, see invisible, agile 1, spit poison 1, AC +2
a: Spit Poison, End Transformation


You were on level 4 of the Dungeon.
You were a venomous arachnid creature.
You visited 1 branch of the dungeon, and saw 4 of its levels.

You collected 225 gold pieces.

Inventory:

Armour
 a - a +0 robe (melded)
 j - a +0 cloak (melded)
Jewellery
 m - an uncursed ring of protection from fire {unknown}
Scrolls
 b - a scroll of amnesia
 c - a scroll of random uselessness {unknown}
 d - 4 scrolls of teleportation
 f - 2 scrolls of fear
 k - 4 scrolls of identify
 n - a scroll of magic mapping {unknown}
 o - a scroll of enchant weapon {unknown}
Potions
 e - 2 potions of stabbing
 h - a potion of mutation
 i - 2 potions of might
 l - a potion of heal wounds {unknown}


   Skills:
 - Level 1.0 Fighting
 - Level 1.5 Dodging
 + Level 4.6 Unarmed Combat
 * Level 3.4 Spellcasting
 * Level 5.4 Transmutations
 - Level 4.0 Poison Magic


You had 3 spell levels left.
You knew the following spells:

 Your Spells              Type           Power        Failure   Level
a - Beastly Appendage     Tmut           ###...       9%          1
b - Spider Form           Tmut/Pois      ###.......   22%         3
c - Blade Hands           Tmut           ###.......   73%         5

Your spell library contained the following spells:

 Spells                   Type           Power        Failure   Level
 Wereblood                Tmut           ###.....     11%         2
 Ice Form                 Ice/Tmut       ##......     75%         4


Dungeon Overview and Level Annotations

Branches:
Dungeon (4/15)             Temple (0/1) D:4

Altars:
Elyvilon
Gozag
Nemelex Xobeh

Shops:
D:4 [*


Innate Abilities, Weirdness & Mutations

You cannot wear boots.
((Your serpentine skin is tough. (AC +2)))
You have supernaturally acute eyesight. (SInv)
((Armour fits poorly on your strangely shaped body.))
((Your system is resistant to poisons. (rPois)))
((You cover ground very slowly.))
You can spit poison.
((You have a pair of small antennae on your head.))
((You have very sharp teeth.))
(You are partially covered in rugged brown scales. (AC +1, +3% HP))
You are agile. (Dex +2)


Message History

You hit the water moccasin.
The water moccasin is heavily wounded.
The water moccasin completely misses you.
The adder misses you. The water moccasin bites you!
* * * LOW HITPOINT WARNING * * *
You are lethally poisoned!
The water moccasin poisons you!
You hit the water moccasin.
The water moccasin looks even sicker.
The water moccasin is severely wounded.
* * * LOW HITPOINT WARNING * * *
You feel very sick. The adder barely misses you.
The water moccasin completely misses you.
The adder misses you.
You hit the water moccasin.
The water moccasin looks as sick as possible!
The water moccasin is almost dead.
* * * LOW HITPOINT WARNING * * *
You feel sick. The water moccasin bites you!
You die...

#..............#####...## #.#
#(......####'######.....####.#
#####....###...#..............#
....#......#...#.........###..#
°...#......#...#....#...####..###
....#.#..#.#####.##.....[.)......
....#..#.......<.##.##.#.))#.####
....#.####.#.##..##.##.).........
....#.# #.#.##Ss##.####...#.####
°.°.#.# #.#.###S##.# ##.##.#
....#.# #.#.# .S.#.#####.##.#
....#.# #.#.##.∩.##......##.#
....#.# #.#.##...#.#####.##.####
.°..#.# #....##+##..............
....#.# ###.## #.#####.#######
....#.######.# #.#####.#
...°#........# #.......#######


You could see a water moccasin (extremely poisoned), an adder and a ball python.

Vanquished Creatures
  An ogre (D:4)
  2 scorpions (D:4)
  A hound (D:4)
  An orc priest (D:4)
  Natasha (thrice) (D:3)
  A worker ant (D:4)
  An iguana (D:4)
  2 orc wizards (D:4)
  Robin (D:2)
  6 adders
  An ooze (D:2)
  3 worms
  2 dart slugs
  2 leopard geckos (D:1)
  7 orcs
  12 bats
  5 giant cockroaches
  17 goblins
  5 hobgoblins
  8 jackals
  A quokka (D:2)
  5 frilled lizards
  6 kobolds
  5 rats
98 creatures vanquished.

Notes
Turn   | Place    | Note
-------+----------+-------------------------------------------
     0 | D:1      | kae the Naga Transmuter began the quest for the Orb.
     0 | D:1      | Reached XP level 1. HP: 18/18 MP: 3/3
   635 | D:1      | Reached XP level 2. HP: 25/25 MP: 5/5
  1754 | D:2      | Noticed Robin
  1757 | D:1      | Reached skill level 3 in Transmutations
  1758 | D:1      | Reached XP level 3. HP: 28/31 MP: 6/6
  1763 | D:1      | Learned a level 3 spell: Spider Form
  1921 | D:2      | Killed Robin
  1921 | D:2      | Reached skill level 1 in Poison Magic
  2125 | D:2      | Found a white marble altar of Elyvilon.
  2283 | D:2      | Reached XP level 4. HP: 21/38 MP: 3/7
  2452 | D:2      | Found a sparkling altar of Nemelex Xobeh.
  2453 | D:2      | Found an opulent altar of Gozag.
  3620 | D:3      | Reached XP level 5. HP: 25/44 MP: 8/8
  3828 | D:3      | Gained mutation: You have very sharp teeth. [potion of
                  | mutation]
  3828 | D:3      | Gained mutation: You are agile. (Dex +2) [potion of
                  | mutation]
  3828 | D:3      | Gained mutation: You have a pair of small antennae on your
                  | head. [potion of mutation]
  3828 | D:3      | Gained mutation: You evolve. [potion of mutation]
  3830 | D:3      | Noticed Natasha
  3839 | D:3      | Killed Natasha
  3839 | D:3      | Reached skill level 4 in Transmutations
  3868 | D:3      | Noticed Natasha
  4120 | D:3      | Killed Natasha
  4220 | D:3      | Gained mutation: You are partially covered in rugged brown
                  | scales. (AC +1, +3% HP) [evolution]
  4220 | D:3      | Lost mutation: You evolve. [end of evolution]
  5112 | D:3      | Noticed Natasha
  5119 | D:3      | Killed Natasha
  5119 | D:3      | Reached XP level 6. HP: 46/52 MP: 5/9
  5167 | D:4      | Learned a level 5 spell: Blade Hands
  5395 | D:4      | Reached skill level 5 in Transmutations
  5398 | D:4      | Reached XP level 7. HP: 44/58 MP: 8/11
  5769 | D:4      | Found Cagoofet's Armour Shoppe.
  6119 | D:4      | Found a staircase to the Ecumenical Temple.
  6192 | D:4      | Found Ipsolorch's Serpentskin Sales.
  6205 | D:4      | Slain by a water moccasin

Illustrated notes

Levels and vault maps discovered:
D:1:      saegor_arrival_simple_c, layout_basic
D:2:      layout_loops_ring, grunt_temple_overflow_opulence, elyvilon_altar_5,
          uniq_robin
D:3:      layout_basic, uniq_natasha
D:4:      layout_loops_ring, lemuel_temple_firewalk_a, serial_shops, shop,
          eino_tiny_chamber, guppyfry_shop_venom

Skill      XL: |  1  2  3  4  5  6 |
---------------+-------------------+-----
Transmutations | 3 4 5 |  5.4
Poison Magic   | 1 2 3 4 |  4.0
Unarmed Combat | 4 |  4.6
Spellcasting   | 3 |  3.4
Fighting       | |  1.0
Dodging        | |  1.5

Action                   |  1- 3 |  4- 6 |  7- 9 || total
-------------------------+-------+-------+-------++-------
Melee: Unarmed           |    62 |   129 |    36 ||   227
       Headbutt          |     4 |     8 |       ||    12
       Bite              |       |     1 |       ||     1
 Cast: Beastly Appendage |    12 |    15 |       ||    27
       Spider Form       |     4 |    15 |     6 ||    25
 Abil: Spit Poison       |    18 |    26 |     7 ||    51
  Use: Scroll            |       |     8 |       ||     8
       Potion            |       |     1 |     1 ||     2
Armor: Robe              |    15 |    20 |     1 ||    36
       Skin              |     6 |     7 |     2 ||    15
Dodge: Dodged            |    58 |   107 |    40 ||   205

Table legend: (Time is in decaauts)
 A = Elapsed time spent in this place.
 B = Non-inter-level travel time spent in this place.
 C = Inter-level travel time spent in this place.
 D = Time resting spent in this place.
 E = Time spent auto-exploring this place.
 F = Levels seen in this place.
 G = Mean time per level.
                   A        B        C        D        E       F      G
               +--------+--------+--------+--------+--------+-----+--------+
         Total |   7269 |   7158 |    111 |    437 |   6030 |   4 | 1817.2 |
       Dungeon |   7269 |   7158 |    111 |    437 |   6030 |   4 | 1817.2 |
               +--------+--------+--------+--------+--------+-----+--------+

Top non-repeatable levels by time:
     D:1: 2219 daAuts
     D:2: 1997 daAuts
     D:3: 1784 daAuts
     D:4: 1268 daAuts
